 Dungeon Crawl Stone Soup version 0.30.0-29-ga12c61a403 (webtiles) character file.

Game seed: 12446257119297095020

432 jagang the Conjurer (level 7, 0/41 HPs)
             Began as an Octopode Conjurer on June 7, 2023.
             Was an Initiate of Vehumet.
             Slain by Duvessa
             ... wielding a +0 short sword
              (5 damage)
             ... on level 4 of the Dungeon.
             The game lasted 00:07:25 (3259 turns).

jagang the Conjurer (Octopode Conjurer)             Turns: 3259, Time: 00:07:25

Health: 0/41       AC:  5    Str:  7    XL:     7   Next: 0%
Magic:  0/12       EV: 14    Int: 22    God:    Vehumet [......]
Gold:   183        SH:  0    Dex: 16    Spells: 9/13 levels left

rFire   . . .        k - +2 mace (protect)
rCold   . . .        (no shield)
rNeg    . . .        (helmet restricted)
rPois   .            (no amulet)
rElec   .            c - +4 ring of protection
rCorr   .            j - ring of willpower
SInv    .            l - +6 ring of dexterity
Will    +....        (no ring)
Stlth   +++          (no ring)
HPRegen 0.26/turn    (no ring)
MPRegen 0.13/turn    (no ring)
                     (no ring)

%: no passive effects
@: mighty
A: almost no armour, amphibious, 8 rings, camouflage 1, gelatinous body 1,
(nimble swimmer 1), tentacles
a: Renounce Religion


You were on level 4 of the Dungeon.
You worshipped Vehumet.
Vehumet was noncommittal.
You visited 1 branch of the dungeon, and saw 4 of its levels.

You collected 183 gold pieces.

Inventory:

Hand Weapons
 k - a +2 mace of protection (weapon)
Jewellery
 c - a +4 ring of protection (left tentacle)
 j - a ring of willpower (right tentacle)
 l - a +6 ring of dexterity (on tentacle)
Scrolls
 b - 2 scrolls of torment {unknown}
 e - 4 scrolls of identify {unknown}
 g - a scroll of magic mapping {unknown}
 h - a scroll of vulnerability {unknown}
 i - 3 scrolls of teleportation {unknown}
 m - 2 scrolls of immolation {unknown}
 o - a scroll of amnesia {unknown}
Potions
 a - a potion of magic
 d - a potion of might
 f - a potion of cancellation {unknown}
 n - 2 potions of ambrosia {unknown}


   Skills:
 + Level 3.9 Dodging
 - Level 2.8 Stealth
 + Level 3.6 Spellcasting
 * Level 6.3 Conjurations
 + Level 0.5 Evocations


You had 9 spell levels left.
You knew the following spells:

 Your Spells              Type           Power      Damage    Failure   Level
a - Magic Dart            Conj           100%       1d8       1%          1
b - Searing Ray           Conj           62%        2d6       1%          2
c - Summon Small Mammal   Summ           12%        N/A       12%         1

Your spell library contained the following spells:

 Spells                   Type           Power      Damage    Failure   Level
 Dazzling Flash           Conj/Hex       34%        N/A       10%         3
 Fulminant Prism          Conj/Hex       8%         3d6       30%         4
 Iskenderun's Mystic Bla  Conj/Tloc      17%        2d5       30%         4
 Call Canine Familiar     Summ           3%         N/A       34%         3
 Summon Guardian Golem    Hex/Summ       3%         N/A       34%         3


Dungeon Overview and Level Annotations

Branches:
Dungeon (4/15)
 Temple: D:4-7

Altars:
Dithmenos
Kikubaaqudgha
Sif Muna
Vehumet

Annotations:
D:4 Duvessa


Innate Abilities, Weirdness & Mutations

You cannot wear most types of armour.
You are amphibious.
You can wear up to eight rings at the same time.
Your skin changes colour to match your surroundings (Stealth+).
Your rubbery body absorbs attacks. (AC +1, EV +1)
((You are camouflaged when in or above water. (Stealth+)))
You have tentacles for arms and can constrict up to eight enemies at once.


Message History

Your weapon exudes an aura of protection.
You grab Duvessa. You squeeze Duvessa!
Duvessa is lightly wounded.
You constrict Duvessa, but do no damage.
Duvessa hits you but does no damage. Duvessa misses you.
Aiming: Mindburst
Press: ? - help, Shift-Dir - straight line, f/p - Duvessa
Aim: Duvessa, wielding a +0 short sword and wearing a +2 chain mail of poison resistance (lightly wounded, constricted by you, berserk, chance to affect: 49%) Duvessa resists with some effort.
The now-empty wand crumbles to dust.
You constrict Duvessa, but do no damage.
Duvessa hits you with a +0 short sword.
* * * LOW HITPOINT WARNING * * *
You are too injured to fight recklessly!
You are too injured to fight recklessly!
Casting: Searing Ray (safe; 1% risk of failure)
Confirm with . or Enter, or press ? or * to list all spells.
Aiming: Searing Ray (safe; 1% risk of failure)
Press: ? - help, Shift-Dir - straight line, f/p - Duvessa
Aim: Duvessa, wielding a +0 short sword and wearing a +2 chain mail of poison resistance (lightly wounded, constricted by you, berserk, 100% to hit)
The searing ray hits Duvessa but does no damage.
Duvessa is lightly wounded. (Press . to maintain the ray.)
You constrict Duvessa, but do no damage.
Duvessa hits you with a +0 short sword.
* * * LOW HITPOINT WARNING * * *
Duvessa misses you.
The searing ray hits Duvessa.
Duvessa is moderately wounded.
You constrict Duvessa, but do no damage.
Duvessa misses you.
The searing ray hits Duvessa.
Duvessa is moderately wounded.
You constrict Duvessa, but do no damage.
Duvessa hits you but does no damage. Duvessa misses you.
You release your grip on Duvessa.
You aren't carrying any items that you can evoke.
It was a potion of might.
You feel very mighty all of a sudden. Duvessa hits you with a +0 short sword.
You die...

#########
#.......#
#.#####.# #.# #.#
####.#####.#
#.......##.# #
#.##.#...#.# #.#
##
#.##.......##!...#
.#
#.###(#..@e)......
.# ##(##
.###.###....# .#
##..(###...## .#..
## ##.....##### #
# #.......####
#..........#
#.......##.#
##.....###.# ##
##...#.##.#


You could see Duvessa (berserk).

Vanquished Creatures
  Dowan (D:4)
  An iguana (D:4)
  Terence (D:2)
  8 orc wizards
  4 gnolls (D:3)
  3 adders
  9 orcs
  4 ball pythons
  An endoplasm (D:1)
  A giant cockroach (D:3)
  6 goblins
  6 hobgoblins
  2 jackals (D:3)
  7 kobolds
  2 quokkas (D:2)
  5 bats
  4 frilled lizards
  3 rats
68 creatures vanquished.

Notes
Turn   | Place    | Note
-------+----------+-------------------------------------------
     0 | D:1      | jagang the Octopode Conjurer began the quest for the Orb.
     0 | D:1      | Reached XP level 1. HP: 11/11 MP: 3/3
   453 | D:1      | Reached XP level 2. HP: 17/17 MP: 3/5
  1090 | D:2      | Reached XP level 3. HP: 21/21 MP: 3/6
  1302 | D:2      | Noticed Terence
  1309 | D:2      | Killed Terence
  1310 | D:2      | Reached XP level 4. HP: 26/27 MP: 0/7
  1722 | D:3      | Found a shadowy altar of Dithmenos.
  1803 | D:3      | Reached skill level 5 in Conjurations
  1950 | D:3      | Reached XP level 5. HP: 31/31 MP: 7/9
  2310 | D:3      | Reached XP level 6. HP: 7/36 MP: 0/10
  2428 | D:3      | Found a radiant altar of Vehumet.
  2440 | D:3      | Became a worshipper of Vehumet
  2446 | D:3      | Found an ancient bone altar of Kikubaaqudgha.
  2459 | D:3      | Found a shimmering blue altar of Sif Muna.
  2464 | D:3      | Got Sif Muna's Compilation of Accompaniment
  2468 | D:3      | Learned a level 2 spell: Searing Ray
  2470 | D:3      | Learned a level 1 spell: Summon Small Mammal
  2594 | D:3      | Reached skill level 6 in Conjurations
  3240 | D:4      | Noticed Dowan
  3242 | D:4      | Noticed Duvessa
  3247 | D:4      | Killed Dowan
  3248 | D:4      | Reached XP level 7. HP: 41/41 MP: 5/12
  3259 | D:4      | Slain by Duvessa

Illustrated notes

Levels and vault maps discovered:
D:1:      mrwooster_arrival_statue_2, layout_basic
D:2:      layout_basic, minmay_tiny_reverse_x, uniq_terence
D:3:      layout_basic, palyth_temple_overflow_mages, grunt_dithmenos_smoke,
          serial_bayou_lake_a
D:4:      layout_loops_corners, mainiacjoe_overflow_alcove_2,
          serial_bayou_pond_b, minmay_ruptured, uniq_sigmund, uniq_duvessa

Skill      XL: |  1  2  3  4  5  6 |
---------------+-------------------+-----
Conjurations   | 5 6 |  6.3
Dodging        | 3 |  3.9
Spellcasting   | 3 |  3.6
Stealth        | |  2.8
Evocations     | |  0.5

Action                     |  1- 3 |  4- 6 |  7- 9 || total
---------------------------+-------+-------+-------++-------
  Melee: Unarmed           |     8 |       |       ||     8
         Tentacles         |     4 |     9 |     1 ||    14
         Constrict         |     2 |    12 |     1 ||    15
         Mace              |     6 |    57 |     1 ||    64
         Punch             |       |     1 |       ||     1
   Cast: Magic Dart        |    41 |    84 |       ||   125
         Searing Ray       |       |     1 |     1 ||     2
  Evoke: Wand              |       |     4 |     3 ||     7
    Use: Potion            |       |       |     1 ||     1
   Stab: Sleeping          |       |     1 |       ||     1
 Armour: Skin              |     6 |    36 |     2 ||    44
  Dodge: Dodged            |    16 |    28 |     9 ||    53
